 Dungeon Crawl Stone Soup version 0.28.0 (webtiles) character file.

Game seed: 7637269627559796290

2939 AmazingTV the Nimble (level 9, -2/38 (39) HPs)
             Began as a Spriggan Necromancer on Mar 26, 2024.
             Was a Follower of Kikubaaqudgha.
             Killed from afar by an orc sorcerer (6 damage)
             ... with a bolt of negative energy
             ... in a bailey.
             The game lasted 00:59:24 (12562 turns).

AmazingTV the Nimble (Spriggan Necromancer)        Turns: 12562, Time: 00:59:24

HP:   -2/38 (39)    AC:  6    Str:  6    XL:     9   Next: 51%
MP:   17/22         EV: 22    Int: 25    God:    Kikubaaqudgha [*.....]
Gold: 279           SH:  0    Dex: 15    Spells: 10/25 levels left

rFire   . . .      SeeInvis +   a - staff of death {!astaff}
rCold   . . .      Faith    .   (shield currently unavailable)
rNeg    + . .      Spirit   .   U - +0 robe {Will+}
rPois   .          Reflect  .   (helmet restricted)
rElec   .          Harm     .   e - scarf {shadows}
rCorr   .          Rampage  .   (gloves unavailable)
Will    ++...                   (boots unavailable)
Stlth   ++........              (no amulet)
HPRegen 0.12/turn               n - +4 ring of protection
MPRegen 0.18/turn               V - +6 ring of intelligence

@: lightly drained, very quick
A: very small, no large weapons, unfitting armour, see invisible, speed 3
a: Renounce Religion, Receive Corpses


You were in a bailey.
You worshipped Kikubaaqudgha.
Kikubaaqudgha was aware of your devotion.
You visited 2 branches of the dungeon, and saw 9 of its levels.
You also visited: Bailey.

You collected 279 gold pieces.


Innate Abilities, Weirdness & Mutations

You are very small and have problems with some larger weapons.
You are too small for most types of armour.
You have supernaturally acute eyesight. (SInv)
You cover ground extremely quickly. (Speed+++)


   Skills:
 + Level 5.8 Short Blades
 + Level 9.5 Dodging
 - Level 3.0 Stealth
 + Level 8.8 Spellcasting
 + Level 7.3 Necromancy


You had 10 spell levels left.
You knew the following spells:

 Your Spells              Type           Power      Damage    Failure   Level
a - Pain                  Necr           100%       1d9       1%          1
b - Animate Skeleton      Necr           100%       N/A       1%          1
c - Vampiric Draining     Necr           64%        2d10      1%          3
d - Animate Dead          Necr           32%        N/A       2%          4
e - Dispel Undead         Necr           64%        3d22      2%          4
f - Corpse Rot            Necr/Air       88%        N/A       1%          2

Your spell library contained the following spells:

 Spells                   Type           Power      Damage    Failure   Level
 Sublimation of Blood     Necr           64%        N/A       1%          2
 Agony                    Necr           64%        N/A       8%          5
 Static Discharge         Conj/Air       11%        N/A       9%          2
 Inner Flame              Hex/Fire       11%        N/A       17%         3
 Cause Fear               Hex            5%         N/A       50%         4
 Sticky Flame             Conj/Fire      11%        2d3       50%         4
 Discord                  Hex            5%         N/A       100%        8

Inventory:

Hand Weapons
 b - a +3 dagger of venom {short}
   (You took it off an orc wizard on level 4 of the Dungeon)
 x - a +0 hunting sling {sling}
   (You found it on level 2 of the Dungeon)
 G - a +2 short sword of electrocution {short}
   (You took it off an orc on level 3 of the Dungeon)
 H - a +4 quarterstaff of chaos {staff}
   (You took it off Crazy Yiuf on level 2 of the Dungeon)
 R - a +4 mace {mace}
   (You took it off a wight on level 7 of the Dungeon)
 S - a +5 scimitar {long}
   (You took it off a wight on level 7 of the Dungeon)
 W - a +3 broad axe {axe}
   (You took it off an orc warrior in a bailey)
Missiles
 d - 243 stones
 g - 33 sling bullets
 m - 6 silver boomerangs
 s - 6 atropa-tipped darts
 u - 123 arrows
 v - 16 poisoned darts
 D - 38 bolts
 N - 6 boomerangs
Armour
 e - a scarf of shadows (worn)
   (You found it on level 5 of the Dungeon)
 I - a +0 cloak
   (You took it off Crazy Yiuf on level 2 of the Dungeon)
 U - a +0 robe of willpower (worn)
   (You took it off a wight on level 7 of the Dungeon)
Magical Staves
 a - a staff of death (weapon) {!astaff}
   (You found it on level 1 of the Dungeon)
 i - a staff of earth {!astaff}
   (You took it off a gnoll on level 5 of the Dungeon)
Jewellery
 j - an amulet of guardian spirit
   (You found it on level 1 of the Dungeon)
 n - a +4 ring of protection (left hand)
   (You found it on level 1 of the Dungeon)
 q - an amulet of reflection
   (You found it on level 8 of the Dungeon)
 t - a ring of protection from cold
   (You found it on level 5 of the Dungeon)
 y - a +4 ring of slaying
   (You found it on level 5 of the Dungeon)
 C - a ring of protection from fire
   (You found it on level 6 of the Dungeon)
 V - a +6 ring of intelligence (right hand)
   (You found it on level 7 of the Dungeon)
Wands
 Q - a wand of acid (10)
   (You found it on level 6 of the Dungeon)
Scrolls
 f - 3 scrolls of amnesia {unknown}
 h - 5 scrolls of teleportation {unknown}
 k - 2 scrolls of noise {unknown}
 l - a scroll of brand weapon {unknown}
 p - 7 scrolls of identify {unknown}
 w - 2 scrolls of blinking {unknown}
 E - 3 scrolls of magic mapping {unknown}
 L - a scroll of vulnerability {unknown}
 M - a scroll of fear {unknown}
 O - 3 scrolls of enchant weapon {unknown}
 T - 2 scrolls of enchant armour {unknown}
Potions
 c - a potion of ambrosia {unknown}
 o - 2 potions of curing {unknown}
 r - a potion of brilliance {unknown}
 z - 3 potions of might {unknown}
 A - 2 potions of lignification {unknown}
 B - 10 potions of degeneration {!q}
 F - 2 potions of haste {unknown}
 J - 2 potions of berserk rage {unknown}
 K - a potion of attraction {unknown}
 P - a potion of heal wounds {unknown}

Dungeon Overview and Level Annotations

Branches:
Dungeon (8/15)             Temple (1/1) D:6          Bailey (1/1)
   Lair: D:8-11

Altars:
Ashenzari
Cheibriados
Dithmenos
Elyvilon
Fedhas
Gozag
Hepliaklqana
Kikubaaqudgha
Makhleb
Nemelex Xobeh
Okawaru
Qazlal
Ru
Sif Muna
Trog
Uskayaw
Vehumet
Wu Jian
Xom
Yredelemnul
Zin
The Shining One

Shops:
D:2 :

Annotations:
D:8 Maggie

#.......# #.......#
########.......########
≈≈≈≈≈≈≈.........≈≈≈≈≈≈≈
≈≈≈≈≈≈≈≈≈≈...≈≈≈≈≈≈≈≈≈≈
≈≈≈≈≈≈≈≈≈≈...≈≈≈≈≈≈≈≈≈≈
≈≈≈≈≈≈≈≈≈≈...≈≈≈≈≈≈≈≈≈≈
≈≈≈≈≈≈≈≈≈≈...≈≈≈≈≈≈≈≈≈≈
#####≈≈≈≈..@≈≈≈≈#####
#...........#.. ≈≈≈
#####''3#####..### ≈≈≈≈
#..'.)...'..# ...#≈≈≈≈≈
#.))....o'o.# ..#≈≈≈≈≈
#..#.)⌠..#..####'#≈≈≈≈≈
.....#.....#.[...#.≈≈≈≈≈≈
#.8...#.....#...8.#.≈≈≈≈≈≈
#.....#######.....#.≈≈≈≈≈≈


You could see a neqoxec (summoned) and an orc sorcerer (strong).


Message History

You lost 1 mp, and now have 20/22 mp.
You feel a surge of power!
The orc knight writhes in agony! 😕 HP[-1] MP[-1]
You take 1 damage, and now have 36/39 hp.
You lost 1 mp, and now have 19/22 mp. 😕 MP[+1]
You feel a surge of power!
The orc knight writhes in agony. 😕 HP[-1] MP[-1]
You take 1 damage, and now have 35/39 hp.
You lost 1 mp, and now have 19/22 mp. 😕 HP[+1]
You feel a surge of power!
The orc knight writhes in agony!
The orc knight completely misses you. 😕 HP[-1] MP[-1]
You take 1 damage, and now have 35/39 hp.
You lost 1 mp, and now have 18/22 mp.
You feel a surge of power!
The orc knight writhes in agony. 😕 HP[-1]
You take 1 damage, and now have 34/39 hp.
You feel a surge of power!
The orc knight writhes in agony. 😕 HP[-1] MP[-1]
You take 1 damage, and now have 33/39 hp.
You lost 1 mp, and now have 17/22 mp.
You open the door.
The orc knight hits you with a +0 war axe!!
Ouch! That really hurt!
* * * LOW HITPOINT WARNING * * *
😨 HP[-21]
You take 21 damage, and now have 12/39 hp.
MASSIVE DAMAGE!! (PAUSE)
There is an open door here. 😨 HP[+1]
Items here: )) [[.
There is an open door here. 😨 MP[+1]
You are too injured to fight recklessly!
Aiming: Pain (safe; 1% risk of failure)
Press: ? - help, Q - select action, (/) - cycle Shift-Dir - straight line, f/p - orc knight
Aim: an orc knight, wielding a +0 war axe and wearing a +0 plate armour (heavily wounded, chance to affect: 70%)
You feel a surge of power!
The orc knight writhes in agony. 😨 HP[-1] MP[-1]
You take 1 damage, and now have 12/39 hp.
You lost 1 mp, and now have 17/22 mp.
Items here: )) [[.
There is an open door here.
Aiming: Pain (safe; 1% risk of failure)
Press: ? - help, Q - select action, (/) - cycle Shift-Dir - straight line, f/p - orc knight
Aim: an orc knight, wielding a +0 war axe and wearing a +0 plate armour (heavily wounded, chance to affect: 70%)
You feel a surge of power!
The orc knight struggles to resist. 😨 HP[-1] MP[-1]
You take 1 damage, and now have 11/39 hp.
You lost 1 mp, and now have 16/22 mp. 😨 MP[+1]
Aiming: Pain (safe; 1% risk of failure)
Press: ? - help, Q - select action, (/) - cycle Shift-Dir - straight line, f/p - orc knight
Aim: an orc knight, wielding a +0 war axe and wearing a +0 plate armour (heavily wounded, chance to affect: 70%)
You feel a surge of power!
The orc knight struggles to resist. 😨 MP[-1]
You lost 1 mp, and now have 16/22 mp.
The orc sorcerer shouts!
Aiming: Pain (safe; 1% risk of failure)
Press: ? - help, Q - select action, (/) - cycle Shift-Dir - straight line, f/p - orc knight
Aim: an orc knight, wielding a +0 war axe and wearing a +0 plate armour (heavily wounded, chance to affect: 70%)
You feel a surge of power!
The orc knight writhes in agony.
The orc sorcerer gestures at you while chanting.
You resist with almost no effort. 😨 HP[-1] MP[-1]
You take 1 damage, and now have 10/39 hp.
You lost 1 mp, and now have 15/22 mp.
The orc sorcerer mumbles some strange words.
You see here a +0 chain mail.
The orc sorcerer gestures at you while chanting.
The bolt of negative energy misses you.
The orc knight roars a battlecry!
The orc sorcerer goes into a battle-frenzy! 😨 MP[+1]
The orc sorcerer hits you with a +0 war axe!
* * * LOW HITPOINT WARNING * * *
The neqoxec hits you but does no damage. 😱 HP[-7]
You take 7 damage, and now have 3/39 hp.
There is a large open door here.
The neqoxec misses you. 😱 HP[+1]
The orc sorcerer gestures at you while chanting.
You resist with almost no effort.
There is an open gate here.
The neqoxec gestures at you.
Something tries to feed on your intellect!
You close the gate.
As you open the gate, it creaks loudly! 😱 MP[+1] There's a creature in the gateway!
The orc sorcerer gestures at you while chanting.
The bolt of negative energy hits the neqoxec.
The neqoxec completely resists.
The bolt of negative energy hits you. You partially resist.
You feel drained.
You die...
Kikubaaqudgha rasps: "You have failed me!
Welcome... death!"

Skill      XL: |  1  2  3  4  5  6  7  8  9 |
---------------+----------------------------+-----
Dodging        | 3 4 5 6 7 8 9 |  9.5
Spellcasting   | 3 4 5 6 8 |  8.8
Necromancy     | 4 5 6 7 |  7.3
Short Blades   | 2 4 5 |  5.8
Stealth        | |  3.0

Action                   |  1- 3 |  4- 6 |  7- 9 || total
-------------------------+-------+-------+-------++-------
Melee: Staff             |       |     7 |    28 ||    35
       Dagger            |       |    44 |   130 ||   174
       Short sword       |       |       |    32 ||    32
       Punch             |       |       |     4 ||     4
Throw: Boomerang         |       |       |    49 ||    49
 Cast: Pain              |    63 |   104 |   141 ||   308
       Animate Skeleton  |       |     1 |     7 ||     8
       Vampiric Draining |       |       |    18 ||    18
       Animate Dead      |       |       |     5 ||     5
 Stab: Sleeping          |       |     1 |     2 ||     3
Armor: Robe              |     6 |     9 |    42 ||    57
Dodge: Dodged            |    13 |    70 |   206 ||   289

Levels and vault maps discovered:
D:1:      co_arrival_random_square_maze, layout_basic
D:2:      layout_loops_ring, serial_shops, shop_statue, basic_altar,
          uniq_natasha, uniq_jessica, uniq_crazy_yiuf_cottage
D:3:      layout_loops_corners
D:4:      layout_cave_pools, nrook_mini_backslash
D:5:      layout_basic, st_stairs_1
D:6:      layout_loops_ring, minmay_temple_entry_drinking_statues,
          minmay_door_square, nicolae_sextant
D:7:      layout_loops_corners
D:8:      minmay_general_purpose_star, layout_basic, mainiacjoe_overflow_paths,
          enter_bailey_7, sigmund_army, uniq_maggie
Temple:   mainiacjoe_temple_archimedes_tessellation
Bailey:   bailey_axe_of_yendor_kennysheep, bailey

Notes
Turn   | Place    | Note
-------+----------+-------------------------------------------
     0 | D:1      | AmazingTV the Spriggan Necromancer began the quest for the
                  | Orb.
     0 | D:1      | Reached XP level 1. HP: 9/9 MP: 5/5
     0 | D:1      | magus.rc [v1.9.6]
   137 | D:1      | Reached skill level 3 in Dodging
   156 | D:1      | Reached skill level 3 in Spellcasting
   343 | D:1      | Reached XP level 2. HP: 9/13 MP: 2/7
  1754 | D:1      | Reached skill level 4 in Necromancy
  1754 | D:1      | Reached XP level 3. HP: 11/16 MP: 3/8
  2089 | D:2      | Learned a level 1 spell: Animate Skeleton
  2093 | D:2      | Learned a level 3 spell: Vampiric Draining
  2113 | D:2      | Reached skill level 4 in Dodging
  2113 | D:2      | Reached XP level 4. HP: 16/21 MP: 6/10
  2249 | D:2      | Found a runed translucent door.
  2250 | D:2      | Noticed Crazy Yiuf
  2351 | D:2      | Found Desareng's Book Boutique.
  2361 | D:2      | Noticed Jessica
  2363 | D:2      | Killed Jessica
  2364 | D:2      | Reached skill level 4 in Spellcasting
  2697 | D:2      | Found a snail-covered altar of Cheibriados.
  2718 | D:2      | Noticed Natasha
  2723 | D:2      | Killed Natasha
  2902 | D:2      | You fall into a shaft and drop 1 floor!
  3033 | D:3      | Learned a level 4 spell: Animate Dead
  3177 | D:3      | Reached XP level 5. HP: 23/24 MP: 10/12
  3990 | D:2      | Noticed Natasha
  4000 | D:2      | Killed Natasha
  4258 | D:2      | Killed Crazy Yiuf
  4362 | D:4      | Reached skill level 5 in Dodging
  4640 | D:4      | Noticed a phantom
  4688 | D:4      | Reached XP level 6. HP: 21/28 MP: 6/14
  4689 | D:4      | Reached skill level 5 in Spellcasting
  5030 | D:4      | Reached skill level 5 in Necromancy
  5204 | D:5      | Entered Level 5 of the Dungeon
  5659 | D:5      | Reached skill level 6 in Dodging
  5803 | D:5      | Reached XP level 7. HP: 29/32 MP: 16/16
  6017 | D:5      | Reached skill level 1 in Short Blades
  6070 | D:5      | Reached skill level 6 in Spellcasting
  6237 | D:5      | You pick up a book of Hexes and begin reading...
  6237 | D:5      | You add the spells Inner Flame, Cause Fear and Discord to
                  | your library.
  6421 | D:5      | You pick up a book of Touch and begin reading...
  6421 | D:5      | You add the spells Static Discharge, Sticky Flame and
                  | Dispel Undead to your library.
  6427 | D:5      | Learned a level 4 spell: Dispel Undead
  6532 | D:5      | Reached skill level 2 in Short Blades
  6736 | D:6      | Found a staircase to the Ecumenical Temple.
  6744 | D:6      | Reached skill level 7 in Dodging
  6910 | D:6      | Reached XP level 8. HP: 30/36 MP: 14/19
  6931 | D:6      | HP: 7/36 [orc wizard/puff of flame (9)]
  7225 | D:6      | Reached skill level 6 in Necromancy
  7563 | D:6      | Reached skill level 3 in Short Blades
  7786 | Temple   | Entered the Ecumenical Temple
  8006 | Temple   | Became a worshipper of Kikubaaqudgha
  8182 | D:6      | Reached skill level 8 in Dodging
  8182 | D:6      | Reached skill level 7 in Spellcasting
  8507 | D:7      | Reached skill level 4 in Short Blades
  9272 | D:7      | HP: 8/35 [wight (12)]
  9995 | D:7      | Reached skill level 8 in Spellcasting
  9995 | D:7      | Reached XP level 9. HP: 39/39 MP: 20/22
 10305 | D:7      | Reached skill level 5 in Short Blades
 10494 | D:7      | Reached skill level 7 in Necromancy
 10847 | D:8      | Found a basalt altar of Yredelemnul.
 10866 | D:8      | Reached * piety under Kikubaaqudgha
 10866 | D:8      | You add the spells Corpse Rot and Sublimation of Blood to
                  | your library.
 10866 | D:8      | Received a gift from Kikubaaqudgha
 11045 | D:8      | Noticed Maggie
 11054 | D:8      | Reached skill level 9 in Dodging
 11060 | D:8      | HP: 8/39 [Maggie/bolt of fire (17)]
 11362 | D:8      | Found a flagged portal.
 11407 | D:8      | Learned a level 2 spell: Corpse Rot
 11420 | Bailey   | Entered a bailey
 12039 | Bailey   | Noticed an orc sorcerer
 12046 | Bailey   | Noticed a rust devil
 12513 | Bailey   | Noticed an orc knight
 12555 | Bailey   | HP: 3/39 [orc sorcerer (7)]
 12562 | Bailey   | Killed from afar by an orc sorcerer

Vanquished Creatures
  A steam dragon (D:7)
  4 orc warriors (Bailey)
  A sky beast (D:5)
  An ogre (D:6)
  A phantom (D:5)
  A centaur (D:5)
  2 bullfrogs (D:7)
  A kobold brigand (D:7)
  A water moccasin zombie (D:6)
  A wyvern skeleton (D:7)
  8 wights (D:7)
  2 electric eels (Bailey)
  2 howler monkeys
  2 centaur zombies
  A hound (D:5)
  2 bullfrog skeletons (D:6)
  3 orc priests
  Crazy Yiuf (D:2)
  A centaur skeleton (D:5)
  Jessica (D:2)
  2 iguanas
  Natasha (twice) (D:2)
  8 orc wizards
  A killer bee zombie (D:6)
  A howler monkey zombie (D:7)
  8 gnolls
  9 adders
  A shadow imp (D:8)
  2 dart slugs (D:1)
  18 orcs
  4 ball pythons
  5 bats
  5 endoplasms
  3 giant cockroaches (D:3)
  7 goblins
  12 hobgoblins
  3 jackals (D:2)
  5 quokkas
  2 frilled lizards (D:1)
  10 kobolds
  3 rats
148 creatures vanquished.

Vanquished Creatures (collateral kills)
  An orc warrior (Bailey)
  An orc (D:5)
2 creatures vanquished.

Grand Total: 150 creatures vanquished

Table legend:
 A = Non-vault XP
 B = Vault XP
 C = Vault XP percentage of total XP
 D = Non-vault monster count
 E = Vault monster count
 F = Vault count percentage of total count
                 A         B        C        D         E       F
            +---------+---------+-------+---------+---------+-------
      Total |    3096 |    1103 |  26.3 |     125 |      25 |  16.7
            +---------+---------+-------+---------+---------+-------
        D:1 |      67 |       0 |   0.0 |      24 |       0 |   0.0
        D:2 |      88 |     112 |  56.0 |      19 |       3 |  13.6
        D:3 |      25 |       0 |   0.0 |      11 |       0 |   0.0
        D:4 |     197 |       0 |   0.0 |      16 |       0 |   0.0
        D:5 |     621 |     138 |  18.2 |      18 |       2 |  10.0
        D:6 |     940 |       0 |   0.0 |      11 |       0 |   0.0
        D:7 |    1097 |       0 |   0.0 |      21 |       0 |   0.0
        D:8 |      61 |      33 |  35.1 |       5 |       4 |  44.4
     Bailey |       0 |     820 | 100.0 |       0 |      16 | 100.0
            +---------+---------+-------+---------+---------+-------

Illustrated notes

Table legend:
 A = Kills in this place as a percentage of kills in entire the game.
 B = Kills by you in this place as a percentage of kills by you in the entire game.
 C = Kills by friends in this place as a percentage of kills by friends in the entire game.
 D = Other kills in this place as a percentage of other kills in the entire game.
 E = Experience gained in this place as a percentage of experience gained in the entire game.
 F = Experience gained in this place divided by the number of levels of this place that you have seen.
                   A       B       C       D       E      F
               +-------+-------+-------+-------+-------+----------------------
         Total | 100.0 | 100.0 | 100.0 |   N/A | 100.0 | 419.9
       Dungeon |  89.3 |  89.9 |  50.0 |   N/A |  80.5 | 422.4
        Bailey |  10.7 |  10.1 |  50.0 |   N/A |  19.5 | 820.0
               +-------+-------+-------+-------+-------+----------------------

Table legend: (Time is in decaauts)
 A = Elapsed time spent in this place.
 B = Non-inter-level travel time spent in this place.
 C = Inter-level travel time spent in this place.
 D = Time resting spent in this place.
 E = Time spent auto-exploring this place.
 F = Levels seen in this place.
 G = Mean time per level.
                   A        B        C        D        E       F      G
               +--------+--------+--------+--------+--------+-----+--------+
         Total |  10221 |   9843 |    378 |   4092 |   3930 |  10 | 1022.1 |
       Dungeon |   9038 |   8688 |    350 |   3335 |   3819 |   8 | 1129.8 |
        Temple |    154 |    127 |     27 |      0 |    111 |   1 |  154.0 |
        Bailey |   1029 |   1029 |      0 |    757 |      0 |   1 | 1029.0 |
               +--------+--------+--------+--------+--------+-----+--------+

Top non-repeatable levels by time:
     D:1: 1626 daAuts
     D:7: 1564 daAuts
     D:5: 1408 daAuts
     D:6: 1333 daAuts
     D:2: 1091 daAuts
  Bailey: 1029 daAuts
     D:3: 820 daAuts
     D:4: 748 daAuts
     D:8: 444 daAuts
  Temple: 154 daAuts
